 Dungeon Crawl Stone Soup version 0.24-a0-520-g8fd06ad0bc (webtiles) character file.

Game seed: 17553985506895285987

12027 Arthanis the Arsonist (level 11, -9/57 HPs)
             Began as a Deep Elf Fire Elementalist on July 23, 2019.
             Was an Elder of Vehumet.
             Mangled by a two-headed ogre
             ... wielding a +0 giant club
              (27 damage)
             ... on level 12 of the Dungeon.
             The game lasted 00:34:53 (8909 turns).

Arthanis the Arsonist (Deep Elf Fire Elementalist)  Turns: 8909, Time: 00:34:53

Health: -9/57      AC:  5    Str:  5    XL:     11   Next: 57%
Magic:  27/27      EV: 14    Int: 28    God:    Vehumet [****..]
Gold:   317        SH:  0    Dex: 15    Spells: 16/30 levels left

rFire    . . .     SeeInvis +   M - +0 glaive (venom)
rCold    . . .     Gourm    .   (shield currently unavailable)
rNeg     . . .     Faith    .   a - +0 robe
rPois    .         Spirit   .   U - +2 hat {SInv}
rElec    .         Reflect  .   C - scarf {repulsion}
rCorr    .         Harm     .   V - +0 pair of gloves
MR       +....                  (no boots)
Stlth    ++........             G - amulet of magic regeneration
HPRegen  0.19/turn              Z - +2 ring of intelligence
MPRegen  0.45/turn              X - +2 ring of intelligence

@: repel missiles
A: no striking features
a: Renounce Religion


You were on level 12 of the Dungeon.
You worshipped Vehumet.
Vehumet was greatly pleased with you.
You were not hungry.

You visited 1 branch of the dungeon, and saw 12 of its levels.
You also visited: Ossuary.

You collected 647 gold pieces.
You spent 330 gold pieces at shops.

Inventory:

Hand Weapons
 d - a +2 trident of protection
 f - a +2 short sword of venom
 M - a +0 glaive of venom (weapon)
Missiles
 S - 2 throwing nets (quivered)
Armour
 a - a +0 robe (worn)
 C - a scarf of repulsion (worn)
 U - a +2 hat of see invisible (worn)
 V - a +0 pair of gloves (worn)
Jewellery
 l - a +4 ring of protection
 m - an uncursed ring of ice
 A - an uncursed ring of protection from cold
 G - an amulet of magic regeneration (around neck)
 K - an uncursed amulet of faith
 N - an uncursed ring of protection from fire
 X - a +2 ring of intelligence (right hand)
 Z - a +2 ring of intelligence (left hand)
Wands
 n - a wand of disintegration (4)
 y - a wand of polymorph (10)
 J - a wand of paralysis (7)
 L - a wand of clouds (6)
 O - a wand of enslavement (10)
 P - a wand of flame (31)
 R - a wand of acid (19)
 W - a wand of scattershot (4)
 Y - a wand of iceblast (13)
Scrolls
 e - 2 scrolls of enchant weapon {unknown}
 g - 4 scrolls of remove curse
 h - 2 scrolls of immolation
 j - 8 scrolls of teleportation
 D - a scroll of magic mapping
 E - 2 scrolls of blinking
 F - 3 scrolls of amnesia
 H - 2 scrolls of fear
 Q - 2 scrolls of enchant armour
Potions
 b - 2 potions of lignification
 i - 4 potions of brilliance
 k - 2 potions of ambrosia {unknown}
 o - 3 potions of invisibility
 p - 4 potions of haste
 q - 2 potions of flight {unknown}
 r - 3 potions of mutation
 u - 2 potions of heal wounds {unknown}
 v - a potion of curing
 x - 2 potions of might
 z - 3 potions of degeneration {unknown}
 B - 3 potions of magic {unknown}
 T - a potion of agility {unknown}
Comestibles
 c - 25 rations
 s - 8 chunks of flesh


   Skills:
 + Level 1.9 Fighting
 - Level 3.3 Armour
 + Level 3.9 Dodging
 - Level 3.1 Stealth
 + Level 10.3 Spellcasting
 * Level 11.6 Conjurations
 * Level 12.0 Fire Magic
 + Level 5.0 Evocations


You had 16 spell levels left.
You knew the following spells:

 Your Spells              Type           Power        Failure   Level  Hunger
a - Flame Tongue          Conj/Fire      #####        1%          1    None
b - Conjure Flame         Conj/Fire      ######..     1%          3    None
c - Sticky Flame          Conj/Fire      ######..     1%          4    None
d - Fireball              Conj/Fire      ######....   1%          5    ###....
e - Magic Dart            Conj           ####         1%          1    None

Your spell library contained the following spells:

 Spells                   Type           Power        Failure   Level  Hunger
 Airstrike                Air            ##........   11%         4    None
 Searing Ray              Conj           ######       1%          2    None
 Throw Flame              Conj/Fire      ######       1%          2    None
 Dazzling Spray           Conj/Hex       #####.       1%          3    None
 Inner Flame              Hex/Fire       #####...     1%          3    None
 Force Lance              Conj/Tloc      #####...     1%          4    None
 Fulminant Prism          Conj/Hex       #####.....   1%          4    None
 Iskenderun's Mystic Bla  Conj           ######..     1%          4    None
 Confusing Touch          Hex            ##....       4%          1    None
 Summon Small Mammal      Summ           ##..         4%          1    None
 Call Imp                 Summ           ##......     6%          2    None
 Call Canine Familiar     Summ           ##......     12%         3    None
 Confuse                  Hex            ##......     12%         3    None
 Gell's Gravitas          Tloc           ##........   12%         3    None
 Summon Guardian Golem    Hex/Summ       ##......     12%         3    None
 Poison Arrow             Conj/Pois      #####.....   16%         6    #####..
 Yara's Violent Unravell  Hex/Tmut       ##........   28%         5    ###....
 Petrify                  Tmut/Erth      ##......     36%         4    None
 Summon Ice Beast         Ice/Summ       ##......     36%         4    None
 Summon Lightning Spire   Summ/Air       ##......     36%         4    None
 Metabolic Englaciation   Hex/Ice        ##........   73%         5    ###....
 Chain Lightning          Conj/Air       #####.....   99%         8    #######
 Lehudib's Crystal Spear  Conj/Erth      #####.....   99%         8    #######
 Fire Storm               Conj/Fire      ######....   99%         9    #######
 Glaciate                 Conj/Ice       #####.....   100%        9    #######


Dungeon Overview and Level Annotations

Branches:
Dungeon (12/15)            Temple (0/1) D:7            Lair (0/6) D:9
    Orc (0/2) D:10

Altars:
Cheibriados
Dithmenos
Elyvilon
Fedhas
Gozag
Hepliaklqana
Makhleb
Nemelex Xobeh
Sif Muna
Trog
Vehumet
Wu Jian
Xom
Yredelemnul
Zin

Shops:
D:6 *   D:9 =

Annotations:
D:12 Rupert


Message History

You slash the orc!
You kill the orc!
Vehumet accepts your kill.
You hear a shout! x2 2 orcs come into view.
The orc shouts! x2
An orc comes into view. It is wielding a +0 dagger.
The orc moves out of view.
Things that are here:
a cursed -1 trident; 5 boomerangs; a +0 scale mail
Things that are here:
a +0 flail; a +0 ring mail; an orc corpse Attack whom?
Press: ? - help, Dir - move target cursor, f - orc
Aim: an orc, wielding a -2 rapier and wearing a cursed +0 chain mail You reach to attack!
You hit the orc.
The orc is poisoned.
The orc is moderately wounded.
The orc closely misses you.
The two-headed ogre hits you with a +0 giant club!! x2
You die...

.. .# .# . ##o ..# #..
...## #o# .. #....#o# #.
..##..#@## ## .#
#......O).# ##. ..
#.####..).## .. #. #.
#.#...## #.# #. #.
#.#.†..####.# #. #.##
#.........).#######. ..#
########[.........(O #.#
#...................
#.###.#.......####..###.


You could see a two-headed ogre and 3 orcs.

Vanquished Creatures
  Harold (D:11)
  Erolcha (D:9)
  A tengu warrior (D:10)
  A two-headed ogre (D:11)
  A cyclops (D:11)
  A gargoyle (D:12)
  A troll (D:12)
  3 slime creatures (D:12)
  A shadow (D:12)
  A vampire (D:11)
  3 wyverns (D:11)
  A hungry ghost (D:12)
  Menkaure (D:6)
  2 vampire mosquitoes (D:11)
  A porcupine (D:9)
  6 ice beasts
  An acid dragon (D:11)
  7 orc warriors
  3 sky beasts
  6 black bears
  An eye of draining (D:12)
  2 phantoms
  An ogre (D:9)
  6 centaurs
  2 crocodiles
  2 elf zombies (Ossuary)
  A big kobold (D:10)
  11 bullfrogs
  2 scorpions
  A water moccasin skeleton (D:7)
  3 killer bees (D:11)
  A howler monkey (D:5)
  6 crimson imps
  4 bullfrog zombies
  2 quasits
  2 centaur zombies
  3 jellies
  11 orc priests
  Crazy Yiuf (D:6)
  2 bullfrog skeletons
  6 hounds
  9 orc wizards
  2 centaur skeletons
  2 iguanas
  An iron imp (D:6)
  4 worker ants
  Ijyb (D:4)
  A big kobold zombie (Ossuary)
  A hound zombie (D:10)
  2 hound skeletons
  2 mummies (Ossuary)
  A worker ant zombie (D:10)
  14 adders
  A shadow imp (D:12)
  An ooze (D:4)
  4 adder zombies
  3 dart slugs
  A worm (D:2)
  7 leopard geckos
  51 orcs
  7 giant cockroaches
  6 goblins
  7 hobgoblins
  19 jackals
  2 quokkas
  A ball python (D:3)
  5 bats
  6 frilled lizards
  A goblin zombie (Ossuary)
  9 hobgoblin zombies (Ossuary)
  A jackal zombie (Ossuary)
  11 kobolds
  11 kobold zombies (Ossuary)
  A leopard gecko skeleton (D:7)
  8 orc zombies (Ossuary)
  A quokka skeleton (D:4)
  4 rats
321 creatures vanquished.

Vanquished Creatures (others)
  An orc wizard (D:4)
1 creature vanquished.

Grand Total: 322 creatures vanquished

Notes
Turn   | Place    | Note
-------+----------+-------------------------------------------
     0 | D:1      | Arthanis the Deep Elf Fire Elementalist began the quest for
                  | the Orb.
     0 | D:1      | Reached XP level 1. HP: 10/10 MP: 6/6
   853 | D:2      | Reached XP level 2. HP: 15/15 MP: 0/8
  1067 | D:2      | Reached XP level 3. HP: 19/19 MP: 5/9
  1078 | D:2      | Reached skill level 4 in Fire Magic
  1089 | D:2      | Learned a level 3 spell: Conjure Flame
  1246 | D:2      | Reached XP level 4. HP: 24/24 MP: 7/11
  1252 | D:2      | Learned a level 4 spell: Sticky Flame
  1497 | D:2      | Found a shimmering altar of Xom.
  1497 | D:2      | Found a burning altar of Makhleb.
  1724 | D:3      | Found an ornate altar of the Wu Jian Council.
  1762 | D:3      | Found a basalt altar of Yredelemnul.
  1825 | D:3      | Found a glowing silver altar of Zin.
  2221 | D:4      | Noticed a phantom
  2232 | D:4      | Killed a phantom
  2232 | D:4      | Reached XP level 5. HP: 28/28 MP: 4/13
  2256 | D:4      | Reached skill level 5 in Fire Magic
  2299 | D:4      | Found a sand-covered staircase.
  2306 | Ossuary  | Entered an ossuary
  2437 | Ossuary  | Reached XP level 6. HP: 24/32 MP: 0/15
  2641 | Ossuary  | Reached skill level 5 in Spellcasting
  2717 | Ossuary  | Learned a level 5 spell: Fireball
  2760 | D:4      | Found an opulent altar of Gozag.
  2847 | D:4      | Reached skill level 5 in Conjurations
  2927 | D:4      | Found a shadowy altar of Dithmenos.
  2944 | D:4      | Noticed Ijyb
  2959 | D:4      | Reached skill level 6 in Fire Magic
  2985 | D:4      | Reached XP level 7. HP: 20/36 MP: 12/16
  3204 | D:4      | Killed Ijyb
  3522 | D:5      | Entered Level 5 of the Dungeon
  3604 | D:5      | Reached skill level 1 in Evocations
  3940 | D:5      | Found a shimmering altar of Xom.
  4663 | D:6      | Noticed Menkaure
  4666 | D:6      | Killed Menkaure
  4675 | D:6      | Reached skill level 7 in Fire Magic
  4714 | D:6      | Found Wikeyrgh's Assorted Antiques.
  4719 | D:6      | Reached XP level 8. HP: 36/41 MP: 3/18
  4773 | D:6      | Bought a scroll labeled PENTOW NICH for 30 gold pieces
  4773 | D:6      | Bought a scroll labeled PIW SITHOSTOCS for 30 gold pieces
  4773 | D:6      | Bought a scroll labeled PIW SITHOSTOCS for 30 gold pieces
  4773 | D:6      | Bought a scroll labeled KYSTRENNIXIS for 30 gold pieces
  4792 | D:6      | Found a snail-covered altar of Cheibriados.
  4902 | D:6      | Found a bloodstained altar of Trog.
  5000 | D:6      | Reached skill level 8 in Fire Magic
  5182 | D:6      | Learned a level 1 spell: Magic Dart
  5236 | D:6      | Found a runed translucent door.
  5237 | D:6      | Noticed Crazy Yiuf
  5247 | D:6      | Killed Crazy Yiuf
  5396 | D:7      | Found a radiant altar of Vehumet.
  5402 | D:7      | Became a worshipper of Vehumet
  5472 | D:7      | Reached XP level 9. HP: 36/45 MP: 10/21
  5641 | D:7      | Reached skill level 9 in Fire Magic
  5644 | D:7      | Reached * piety under Vehumet
  5644 | D:7      | Offered knowledge of Sting by Vehumet.
  5874 | D:7      | Found a staircase to the Ecumenical Temple.
  6014 | D:8      | Found a hazy altar of Hepliaklqana.
  6461 | D:9      | Reached skill level 1 in Armour
  6635 | D:9      | Offered knowledge of Sandblast by Vehumet.
  6638 | D:9      | Reached ** piety under Vehumet
  6673 | D:9      | Found Cenoa's Jewellery Shoppe.
  6683 | D:9      | Bought a +2 ring of intelligence for 105 gold pieces
  6683 | D:9      | Bought a +2 ring of intelligence for 105 gold pieces
  6747 | D:9      | Noticed Erolcha
  6757 | D:9      | Killed Erolcha
  6757 | D:9      | Reached skill level 10 in Fire Magic
  6757 | D:9      | Reached XP level 10. HP: 50/50 MP: 9/24
  6855 | D:9      | Found a staircase to the Lair.
  6871 | D:10     | Entered Level 10 of the Dungeon
  7043 | D:10     | Reached skill level 10 in Conjurations
  7456 | D:10     | Found a staircase to the Orcish Mines.
  7518 | D:10     | Offered knowledge of Throw Frost by Vehumet.
  7625 | D:10     | Noticed a tengu warrior
  7634 | D:10     | Killed a tengu warrior
  7742 | D:11     | Noticed a cyclops
  7748 | D:11     | Killed a cyclops
  7748 | D:11     | Reached skill level 11 in Fire Magic
  7845 | D:11     | Found a deep blue altar of Sif Muna.
  7850 | D:11     | Found a shimmering altar of Xom.
  7850 | D:11     | Found a deep blue altar of Sif Muna.
  7853 | D:11     | Found a burning altar of Makhleb.
  7853 | D:11     | Found a blossoming altar of Fedhas.
  7853 | D:11     | Found a sparkling altar of Nemelex Xobeh.
  7869 | D:11     | Found a white marble altar of Elyvilon.
  7919 | D:11     | Noticed a two-headed ogre
  7933 | D:11     | Killed a two-headed ogre
  7933 | D:11     | Reached *** piety under Vehumet
  7959 | D:11     | Reached XP level 11. HP: 46/54 MP: 13/26
  8121 | D:11     | Noticed Harold
  8133 | D:11     | Killed Harold
  8140 | D:11     | Offered knowledge of Airstrike by Vehumet.
  8151 | D:11     | Reached skill level 1 in Fighting
  8162 | D:11     | Reached skill level 10 in Spellcasting
  8530 | D:12     | Noticed a two-headed ogre
  8551 | D:12     | Noticed Rupert
  8763 | D:12     | Reached **** piety under Vehumet
  8784 | D:12     | Reached skill level 12 in Fire Magic
  8797 | D:12     | Reached skill level 5 in Evocations
  8909 | D:12     | Mangled by a two-headed ogre

Levels and vault maps discovered:
D:1:      dpeg_arrival_more_subterranean_lakeside_camping, layout_basic,
          minmay_misc_feat_x, kennysheep_boxes
D:2:      layout_basic, gammafunk_temple_overflow_wave, first_ration
D:3:      layout_basic, nicolae_overflow_crystal_walls, old_standard_altar,
          zin_scriptorium
D:4:      layout_loops_cross, grunt_gozag_statues,
          lightli_ossuary_entry_decrepit_ruins, grunt_dithmenos_smoke, uniq_ijyb
D:5:      layout_layer_cave, basic_altar
D:6:      layout_gridville, trog_ov_bears_minmay, slow_altar_1, serial_shops,
          nicolae_shop_stone, uniq_crazy_yiuf_cottage, uniq_menkaure
D:7:      layout_rooms, vehumet_altar_wand_db, temple_green
D:8:      layout_basic, old_standard_altar
D:9:      layout_rooms, grunt_lair_entry_orc_guard_hut, serial_shops, shop,
          uniq_erolcha
D:10:     layout_long_grid, david_orc_1_choice, grunt_tengu_nest, st_stairs_4
D:11:     layout_stronghold, basic_altar, doesnt_xom_only_xom, uniq_harold
D:12:     layout_rooms, uniq_rupert

Skill      XL: |  1  2  3  4  5  6  7  8  9 10 11 |
---------------+----------------------------------+-----
Conjurations   | 2 3 4 5 6 8 9 11 | 11.6
Fire Magic     | 4 5 6 7 8 10 11 12 | 12.0
Spellcasting   | 4 5 7 8 9 10 | 10.3
Evocations     | 2 4 5 |  5.0
Armour         | 1 3 |  3.3
Stealth        | 3 |  3.1
Dodging        | 3 |  3.9
Fighting       | 1 |  1.9

Action                   |  1- 3 |  4- 6 |  7- 9 | 10-12 || total
-------------------------+-------+-------+-------+-------++-------
Melee: Short sword       |     7 |     4 |       |     5 ||    16
       Dagger            |       |    81 |    79 |       ||   160
       Unarmed           |       |    11 |     3 |       ||    14
       Glaive            |       |       |       |    19 ||    19
 Cast: Flame Tongue      |    52 |    72 |   152 |    44 ||   320
       Conjure Flame     |       |    10 |    11 |     8 ||    29
       Sticky Flame      |       |     1 |    32 |    19 ||    52
       Fireball          |       |       |    12 |    69 ||    81
       Magic Dart        |       |       |     2 |     7 ||     9
Evoke: Wand              |       |       |     7 |     7 ||    14
  Use: Scroll            |       |     8 |    10 |     3 ||    21
       Potion            |       |       |     1 |       ||     1
 Stab: Sleeping          |     3 |     4 |     2 |       ||     9
       Paralysed         |       |       |       |     1 ||     1
  Eat: Chunk             |     1 |     3 |    13 |    12 ||    29
       Ration            |       |     1 |     1 |     2 ||     4
Armor: Robe              |     7 |    19 |    49 |    17 ||    92
       Skin              |       |     3 |       |       ||     3
Dodge: Dodged            |    19 |    64 |   116 |    39 ||   238
       Deflected         |       |       |       |    10 ||    10

Table legend:
 A = Non-vault XP
 B = Vault XP
 C = Vault XP percentage of total XP
 D = Non-vault monster count
 E = Vault monster count
 F = Vault count percentage of total count
                 A         B        C        D         E       F
            +---------+---------+-------+---------+---------+-------
      Total |   12335 |    4847 |  28.2 |     258 |      64 |  19.9
            +---------+---------+-------+---------+---------+-------
        D:1 |      10 |       0 |   0.0 |       6 |       0 |   0.0
        D:2 |      98 |       0 |   0.0 |      27 |       0 |   0.0
        D:3 |      32 |       0 |   0.0 |      18 |       0 |   0.0
        D:4 |     385 |      35 |   8.3 |      29 |       1 |   3.3
        D:5 |     276 |       0 |   0.0 |      10 |       0 |   0.0
        D:6 |    1085 |     507 |  31.8 |      18 |       5 |  21.7
        D:7 |     824 |       2 |   0.2 |      22 |       1 |   4.3
        D:8 |     829 |       0 |   0.0 |      19 |       0 |   0.0
        D:9 |     642 |    1389 |  68.4 |      16 |       5 |  23.8
       D:10 |     782 |    1602 |  67.2 |      21 |      12 |  36.4
       D:11 |    4085 |     965 |  19.1 |      42 |       1 |   2.3
       D:12 |    3287 |       0 |   0.0 |      30 |       0 |   0.0
    Ossuary |       0 |     347 | 100.0 |       0 |      39 | 100.0
            +---------+---------+-------+---------+---------+-------
